 Dungeon Crawl Stone Soup version 0.19-a0-1937-g70ed36a (webtiles) character file.

278504 dobroeutro the Merry Centaur (level 19, -7/185 HPs)
             Began as a Centaur Hunter on Oct 26, 2016.
             Was the Champion of Okawaru.
             Mangled by a sphinx (9 damage)
             ... while paralysed by a sphinx
             ... on level 1 of the Vaults.
             The game lasted 01:22:23 (37217 turns).

dobroeutro the Merry Centaur (Centaur Hunter)      Turns: 37217, Time: 01:22:24

Health: -7/185     AC: 25    Str: 22    XL:     19   Next: 63%
Magic:  19/19      EV:  1    Int: 12    God:    Okawaru [******]
Gold:   3842       SH:  0    Dex: 13    Spells: 0 memorised, 18 levels left

rFire  + + .     SeeInvis +     V - +11 longbow of Zofue {velocity, rC+}
rCold  + . .     Gourm    .     Z - +2 robe {rF+}
rNeg   . . .     Faith    .     (shield currently unavailable)
rPois  +         Spirit   .     m - +2 hat {MR+}
rElec  .         Reflect  .     G - +1 cloak {rPois}
rCorr  .         Harm     .     K - +2 pair of gloves {archery}
MR     ++...                    o - +3 centaur barding of Subjectivity {Slay+4}
Stlth  ++........               (no amulet)
                                c - ring of protection from fire
                                J - ring of see invisible

@: paralysed, very quick
A: hooves 3, icy blue scales 1, blurry vision 1, clever 1, deformed body, speed
2, regeneration 1, strong 1, tough skin 3, subdued magic 1
a: Heroism, Finesse, Renounce Religion
}: 2/15 runes: decaying, serpentine


You were on level 1 of the Vaults.
You worshipped Okawaru.
Okawaru was exalted by your worship.
You were not hungry.

You visited 8 branches of the dungeon, and saw 34 of its levels.
You also visited: Bailey and Ice Cave.

You collected 4115 gold pieces.
You spent 273 gold pieces at shops.

Inventory:

Hand Weapons
 w - the +9 quarterstaff of the Maze {speed, MR++}
   (You found it on level 5 of the Dungeon)

   Attacks with this weapon are significantly faster.
   It affects your resistance to hostile enchantments.
 U - the +8 quarterstaff of Expedience {elec, rElec Dex+2}
   (You found it on level 11 of the Dungeon)

   Occasionally, upon striking a foe, it will discharge some electrical energy
   and cause terrible harm.
   It affects your dexterity (+2).
   It insulates you from electricity.
 V - the +11 longbow of Zofue (weapon) {velocity, rC+}
   (Okawaru gifted it to you on level 11 of the Dungeon)

   Any arrow fired from it inflicts extra damage.
   It protects you from cold.
Missiles
 d - 426 arrows (quivered)
Armour
 m - a +2 hat of magic resistance (worn)
 o - the +3 centaur barding of Subjectivity (worn) {Slay+4}
   (Okawaru gifted it to you in an ice cave)

   It affects your accuracy and damage with ranged weapons and melee attacks
   (+4).
 p - a +1 animal skin of cold resistance
 t - +1 gold dragon scales
 G - a +1 cloak of poison resistance (worn)
 K - a +2 pair of gloves of archery (worn)
 R - a +1 centaur barding of fire resistance
 X - a +2 cloak of magic resistance
 Z - a +2 robe of fire resistance (worn)
Rods
 x - a +4 rod of clouds (12/12)
   (You found it in an ice cave)
Jewellery
 b - an uncursed ring of protection from cold
 c - a ring of protection from fire (right hand)
 J - a ring of see invisible (left hand)
Wands
 r - a wand of polymorph (12/24)
 u - a wand of iceblast (3/15)
 H - a wand of digging (7/24)
 O - a wand of lightning (0/15)
 T - a wand of disintegration (7/24)
Scrolls
 a - 3 scrolls of enchant armour
 e - 13 scrolls of identify
 j - 6 scrolls of enchant weapon
 k - a scroll of magic mapping
 v - 7 scrolls of recharging
 z - 8 scrolls of remove curse
 C - 5 scrolls of fear
 D - 6 scrolls of teleportation
 F - 4 scrolls of immolation
 Y - 2 scrolls of blinking
Potions
 h - 6 potions of might
 i - 4 potions of haste
 n - 5 potions of agility
 s - 11 potions of curing
 B - a potion of heal wounds
 M - 3 potions of ambrosia
 N - 2 potions of resistance
 P - 6 potions of flight
 S - a potion of invisibility
 W - a potion of berserk rage
Comestibles
 f - 18 bread rations
 g - 32 fruits
 q - 12 meat rations
 L - 13 slices of pizza
 Q - 8 beef jerkies


   Skills:
 + Level 20.0 Fighting
 - Level 7.2 Staves
 O Level 27 Bows
 + Level 9.8 Armour
 - Level 7.0 Dodging
 - Level 4.1 Stealth
   Level 1.2 Shields


You had 18 spell levels left.
You didn't know any spells.

Dungeon Overview and Level Annotations

Branches:
Dungeon (15/15)            Temple (1/1) D:5            Lair (6/6) D:8
  Swamp (4/4) Lair:2        Snake (4/4) Lair:3        Slime (0/5) Lair:5
    Orc (2/2) D:10            Elf (1/3) Orc:2        Vaults (1/5) D:13
 Depths (0/5) D:15

Altars:
Ashenzari
Cheibriados
Dithmenos
Elyvilon
Fedhas
Gozag
Hepliaklqana
Kikubaaqudgha
Makhleb
Nemelex Xobeh
Okawaru
Qazlal
Ru
Sif Muna
Trog
Uskayaw
Vehumet
Xom
Yredelemnul
Zin
The Shining One
Beogh

Shops:
D:5 (   Orc:2 :([(   Elf:1 :   Snake:1 :

Annotations:
Lair:6 Kirke
Snake:3 exclusion: 2 doors


Innate Abilities, Weirdness & Mutations

You have hooves in place of feet.
Armour fits poorly on your strangely shaped body.
You cover ground very quickly.
You have extremely tough skin. (AC +3)
You are partially covered in icy blue scales. (AC +2)
Scrolls take you a little longer to read.
Your mind is acute. (Int +2)
Your natural rate of healing is unusually fast.
Your muscles are strong. (Str +2)
Your spells are a little easier to cast, but a little less powerful.


Message History

The deep elf annihilator hits you but does no damage.
You feel much better.
The deep elf mage points at you and mumbles some strange words.
The shard of ice hits you! You partially resist.
* * * LOW HITPOINT WARNING * * *
The deep elf knight unwields an uncursed shortbow.
The deep elf knight wields an uncursed long sword.
The deep elf knight hits you but does no damage.
The sphinx casts a spell.
You suddenly lose the ability to move!
The deep elf annihilator hits you with a dagger!
* * * LOW HITPOINT WARNING * * *
The deep elf mage hits you with a dagger.
* * * LOW HITPOINT WARNING * * *
The deep elf knight hits you with an uncursed long sword!
* * * LOW HITPOINT WARNING * * *
The sphinx hits you but does no damage. The sphinx hits you!
* * * LOW HITPOINT WARNING * * *
The sphinx hits you!
You die...

#.....# #.
#.....# #.
#.....# #.
#.....# #.
###########.....#
#.
(....(.(........#
##
(.(...(.........#
..(...ee........#
(.((()H@(.(.....#
......e.........#
##############'##
##.......##
##..=#.#...##
##...........##
##.....#.#.....##
#...............#
#...............#


You could see a sphinx, a deep elf annihilator, a deep elf knight and a deep elf
mage.

Vanquished Creatures
  Mara (Swamp:4)
  Bai Suzhen (Swamp:3)
  Vashnia (Snake:4)
  Nikola (Swamp:1)
  A bone dragon (Swamp:4)
  Asterion (Snake:1)
  Agnes (D:15)
  2 thorn hunters
  Roxanne (Snake:1)
  10 nagarajas
  A deep elf sorcerer (Elf:1)
  Aizul (Snake:1)
  3 orc warlords (Orc:2)
  2 ironheart preservers (Vaults:1)
  2 deep elf demonologists
  Nessos (D:13)
  The ghost of patrickswayze the Black Belt, a journeyman OpMo of Hepliaklqana (Lair:6)
  2 deep elf annihilators
  A dire elephant (D:15)
  A white draconian (IceCv)
  Josephine (Lair:6)
  2 deep elf death magi
  A deep elf high priest (Elf:1)
  Harold (D:10)
  An ice dragon (Vaults:1)
  A rakshasa (Vaults:1)
  3 ghost crabs
  8 hydras
  15 naga warriors
  Erolcha (D:12)
  12 anacondas
  6 alligators
  A death knight (D:15)
  3 ogre magi
  2 dancing weapons (Orc:2)
  4 death yaks
  2 centaur warriors (D:13)
  2 orc high priests (Orc:2)
  5 shock serpents
  11 naga sharpshooters
  2 deep elf knights (Elf:1)
  7 salamander mystics
  15 skeletal warriors
  An unseen horror (D:11)
  A spectral hydra (Swamp:4)
  10 hill giants
  6 shambling mangroves
  6 deep elf archers
  6 swamp dragons
  11 naga ritualists
  2 wizards (Elf:1)
  2 spriggan druids
  The ghost of varam the Destroyer, a novice DECj of Vehumet (D:7)
  36 deep elf magi
  An ironbrand convoker (Vaults:1)
  2 orc knights (Vaults:1)
  A wolf spider (Vaults:1)
  2 cyclopes
  15 salamanders
  11 mana vipers
  8 oklob plants
  2 orc sorcerers
  6 ugly things
  10 elephants
  5 manticores
  Maurice (D:8)
  A vault sentinel (Vaults:1)
  8 guardian serpents
  53 black mambas
  26 naga magi
  An ice statue (IceCv)
  18 spiny frogs
  Psyche (D:8)
  4 rime drakes
  A freezing wraith (D:15)
  3 kobold demonologists (D:13)
  4 centaur skeletons
  9 komodo dragons
  6 swamp worm zombies (Swamp:4)
  A yaktaur (shapeshifter) (D:13)
  A polar bear (shapeshifter) (Vaults:1)
  9 trolls
  17 polar bears
  7 tyrant leeches
  18 hornets
  A wolf spider simulacrum (D:14)
  2 spectral swamp dragons (Swamp:4)
  4 hydra zombies (Swamp:4)
  Prince Ribbit (D:8)
  24 slime creatures
  3 alligator zombies (Swamp:4)
  36 blink frogs
  A meliai zombie (D:14)
  7 two-headed ogres
  7 dream sheep (Lair:6)
  12 bog bodies
  7 hippogriffs
  5 water elementals
  7 spriggans
  6 wraiths
  5 hogs (Lair:6)
  2 vampires
  3 basilisks
  A shadow (Swamp:2)
  80 yaks
  2 wyverns
  Grum (D:8)
  A human (D:10)
  A steam dragon (D:12)
  22 vampire mosquitoes
  4 wargs
  17 swamp worms
  20 insubstantial wisps
  2 mottled dragons
  85 nagas
  25 water moccasins
  A hornet zombie (D:14)
  8 porcupines
  2 black bears
  8 phantoms
  40 orc warriors
  5 ice beasts
  An eye of draining (D:9)
  4 sky beasts
  A necrophage (D:12)
  6 swamp drakes
  2 swamp dragon zombies (Swamp:4)
  7 centaurs
  26 ogres
  6 boggarts
  24 wolves
  12 crocodiles
  3 big kobolds (D:10)
  16 bullfrogs
  2 wyvern zombies
  A gnoll sergeant (Orc:1)
  4 scorpions
  A wyvern skeleton (D:14)
  5 killer bees (D:13)
  14 wights
  5 howler monkeys
  An electric eel (D:15)
  7 crimson imps
  A quasit (D:9)
  2 bullfrog zombies
  A jelly (D:15)
  5 hounds
  25 orc priests
  3 bullfrog skeletons
  35 orc wizards
  6 worker ants
  2 iguanas
  3 spectral swamp drakes (Swamp:4)
  A hound skeleton (D:7)
  A worker ant zombie (D:11)
  12 gnolls
  A howler monkey skeleton (D:7)
  10 river rats (D:5)
  A swamp drake zombie (Swamp:4)
  24 adders
  2 shadow imps (D:10)
  3 oozes
  An adder skeleton (D:9)
  An adder zombie (D:10)
  3 worms
  4 leopard geckos
  125 orcs
  2 ball pythons
  7 bats
  11 giant cockroaches
  5 goblins
  10 hobgoblins
  3 jackals (D:2)
  19 kobolds
  6 quokkas
  2 frilled lizards (D:4)
  A leopard gecko zombie (D:8)
  A quokka skeleton (D:6)
  16 rats
  A plant (Lair:6)
1437 creatures vanquished.

Vanquished Creatures (collateral kills)
  A phantasmal warrior (Swamp:4)
  A hydra zombie (Swamp:4)
  A spectral swamp dragon (Swamp:4)
3 creatures vanquished.

Vanquished Creatures (others)
  A deep elf mage (Vaults:1)
  A black mamba (Snake:3)
  A water moccasin (Lair:5)
  A wolf (Lair:5)
  3 fungi (Lair:6)
7 creatures vanquished.

Grand Total: 1447 creatures vanquished

Notes
Turn   | Place    | Note
-------+----------+-------------------------------------------
     0 | D:1      | dobroeutro the Centaur Hunter began the quest for the Orb.
     0 | D:1      | Reached XP level 1. HP: 17/17 MP: 1/1
   453 | D:1      | Reached XP level 2. HP: 25/25 MP: 2/2
  1075 | D:2      | Reached skill level 6 in Bows
  1075 | D:2      | Reached XP level 3. HP: 28/30 MP: 3/3
  2203 | D:3      | Reached XP level 4. HP: 17/38 MP: 4/4
  3458 | D:4      | Reached skill level 1 in Shields
  3458 | D:4      | Reached XP level 5. HP: 39/46 MP: 5/5
  3563 | D:4      | Noticed an ogre
  3567 | D:4      | Killed an ogre
  3567 | D:4      | Reached skill level 7 in Bows
  3569 | D:4      | Reached XP level 6. HP: 53/53 MP: 6/6
  3766 | D:4      | Reached skill level 5 in Fighting
  3811 | D:4      | Reached skill level 8 in Bows
  3914 | D:4      | Found a glowing silver altar of Zin.
  4114 | D:5      | Entered Level 5 of the Dungeon
  4176 | D:5      | Found Cir Deno's Antique Weapon Shoppe.
  4516 | D:5      | Got a pitted quarterstaff
  4517 | D:5      | Identified the +9 quarterstaff of the Maze {speed, MR++} (You found it on level 5 of the Dungeon)
  4533 | D:5      | Found a staircase to the Ecumenical Temple.
  4608 | D:5      | Reached XP level 7. HP: 61/61 MP: 7/7
  4615 | D:5      | Reached skill level 1 in Staves
  5271 | Temple   | Entered the Ecumenical Temple
  5392 | Temple   | Became a worshipper of Warmaster Okawaru
  5456 | D:6      | Reached skill level 1 in Armour
  5461 | D:6      | Gained mutation: Scrolls take you a little longer to read. [mutagenic meat]
  5462 | D:6      | Gained mutation: Your natural rate of healing is unusually fast. [mutagenic meat]
  5463 | D:6      | Gained mutation: Your mind is acute. (Int +2) [mutagenic meat]
  5464 | D:6      | Gained mutation: Your spells are a little easier to cast, but a little less powerful. [mutagenic meat]
  5465 | D:6      | Gained mutation: Your mind is very acute. (Int +4) [mutagenic meat]
  5466 | D:6      | Gained mutation: You are partially covered in icy blue scales. (AC +2) [mutagenic meat]
  5591 | D:6      | Reached XP level 8. HP: 63/70 MP: 8/8
  6085 | D:6      | Reached * piety under Okawaru
  6307 | D:7      | Noticed varam's ghost (novice DECj)
  6840 | D:7      | Reached skill level 5 in Staves
  6947 | D:7      | Killed varam's ghost
  6947 | D:7      | Reached ** piety under Okawaru
  6947 | D:7      | Reached XP level 9. HP: 57/79 MP: 9/9
  7009 | D:8      | Noticed Grum
  7231 | D:8      | Noticed Maurice
  7281 | D:8      | Killed Maurice
  7281 | D:8      | Reached *** piety under Okawaru
  7414 | D:8      | Noticed Psyche
  7446 | D:8      | Killed Psyche
  7453 | D:8      | Killed Grum
  7550 | D:8      | Found a staircase to the Lair.
  7658 | D:8      | Reached XP level 10. HP: 83/88 MP: 10/10
  7817 | D:8      | Reached **** piety under Okawaru
  7826 | D:8      | Noticed Prince Ribbit
  7832 | D:8      | Killed Prince Ribbit
  7922 | D:8      | Reached skill level 9 in Bows
  8079 | D:9      | Received a gift from Okawaru
  8290 | D:9      | Received a gift from Okawaru
  8290 | D:9      | Reached skill level 10 in Bows
  8582 | D:9      | Found a hide-covered altar of Uskayaw.
  8883 | D:9      | Reached ***** piety under Okawaru
  8883 | D:9      | Reached skill level 11 in Bows
  8891 | D:10     | Entered Level 10 of the Dungeon
  9020 | D:10     | Noticed Harold
  9039 | D:10     | Killed Harold
  9039 | D:10     | Received a gift from Okawaru
  9039 | D:10     | Reached skill level 10 in Fighting
  9039 | D:10     | Reached XP level 11. HP: 80/99 MP: 11/11
  9068 | D:10     | Found a staircase to the Orcish Mines.
  9290 | D:10     | Received a gift from Okawaru
  9368 | D:10     | Found a roughly hewn altar of Beogh.
  9423 | D:10     | Noticed a hill giant
  9423 | D:10     | Reached skill level 12 in Bows
  9435 | D:10     | Killed a hill giant
  9568 | D:10     | Received a gift from Okawaru
  9802 | D:11     | Noticed a hill giant
  9907 | D:11     | Noticed a hill giant
  9914 | D:11     | Killed a hill giant
  9914 | D:11     | Received a gift from Okawaru
  9952 | D:11     | Reached skill level 13 in Bows
 10204 | D:11     | Noticed a red ugly thing
 10215 | D:11     | Killed a red ugly thing
 10259 | D:11     | Got a translucent quarterstaff
 10260 | D:11     | Identified the +8 quarterstaff of Expedience {elec, rElec Dex+2} (You found it on level 11 of the Dungeon)
 10299 | D:11     | Reached ****** piety under Okawaru
 10299 | D:11     | Received a gift from Okawaru
 10300 | D:11     | Got a brightly glowing longbow {god gift}
 10301 | D:11     | Identified the +11 longbow of Zofue {velocity, rC+} (Okawaru gifted it to you on level 11 of the Dungeon)
 10383 | D:11     | Killed a hill giant
 10434 | D:11     | Killed an unseen horror
 10434 | D:11     | Reached skill level 14 in Bows
 10631 | D:11     | Noticed a hill giant
 10645 | D:11     | Killed a hill giant
 10762 | Lair:1   | Entered Level 1 of the Lair of Beasts
 10875 | Lair:1   | Reached XP level 12. HP: 86/112 MP: 12/12
 11408 | Lair:2   | Found a staircase to the Swamp.
 11576 | Lair:2   | Reached skill level 15 in Bows
 11645 | Lair:2   | Received a gift from Okawaru
 12400 | Lair:3   | Found a frozen archway.
 12416 | Lair:2   | Reached skill level 16 in Bows
 12610 | IceCv    | Entered an ice cave
 12725 | IceCv    | Received a gift from Okawaru
 12768 | IceCv    | Got a warped centaur barding {god gift}
 12779 | IceCv    | Identified the +3 centaur barding of Subjectivity {Slay+4} (Okawaru gifted it to you in an ice cave)
 12827 | IceCv    | Reached skill level 17 in Bows
 13200 | IceCv    | Reached XP level 13. HP: 101/122 MP: 13/13
 13465 | IceCv    | Noticed a white draconian
 13479 | IceCv    | Killed a white draconian
 13492 | IceCv    | Reached skill level 18 in Bows
 13527 | IceCv    | Identified a +4 rod of clouds (12/12) (You found it in an ice cave)
 13914 | Lair:3   | Found a staircase to the Snake Pit.
 14355 | Lair:3   | Received a gift from Okawaru
 14518 | Lair:3   | Received a gift from Okawaru
 14718 | Lair:3   | You fall through a shaft for 2 floors!
 15139 | Lair:4   | Reached skill level 19 in Bows
 16037 | Lair:5   | Found a staircase to the Slime Pits.
 16039 | Lair:5   | Received a gift from Okawaru
 16348 | Lair:5   | Reached XP level 14. HP: 132/132 MP: 14/14
 16512 | Lair:5   | Reached skill level 20 in Bows
 16897 | Lair:6   | Entered Level 6 of the Lair of Beasts
 16910 | Lair:6   | Noticed Josephine
 16922 | Lair:6   | Killed Josephine
 17046 | Lair:6   | Received a gift from Okawaru
 17279 | Lair:6   | Noticed patrickswayze's ghost (journeyman OpMo)
 17284 | Lair:6   | Killed patrickswayze's ghost
 17284 | Lair:6   | Received a gift from Okawaru
 17294 | Lair:6   | Got a faintly glowing quarterstaff {god gift}
 17295 | Lair:6   | Identified the +5 quarterstaff of Abomination {drain, rN+ Int+4} (Okawaru gifted it to you on level 6 of the Lair of Beasts)
 17571 | Lair:5   | Reached skill level 21 in Bows
 17875 | Lair:6   | Noticed Kirke
 17918 | Lair:6   | HP: 6/133 [harpy[Kirke] (1)]
 17936 | Lair:6   | Noticed a sphinx
 18443 | Lair:6   | Received a gift from Okawaru
 18443 | Lair:6   | Reached skill level 15 in Fighting
 19587 | D:12     | Noticed Erolcha
 19592 | D:12     | Killed Erolcha
 19784 | D:13     | Reached skill level 22 in Bows
 19912 | D:13     | Reached XP level 15. HP: 89/141 MP: 15/15
 20061 | D:13     | Received a gift from Okawaru
 20124 | D:13     | Noticed Nessos
 20130 | D:13     | Killed Nessos
 20370 | D:13     | Found a gate to the Vaults.
 20638 | Orc:1    | Entered Level 1 of the Orcish Mines
 20690 | Orc:1    | Found a roughly hewn altar of Beogh.
 21048 | Orc:1    | Found a flagged portal.
 21068 | Bailey   | Entered a bailey
 21383 | Orc:2    | Entered Level 2 of the Orcish Mines
 21480 | Orc:2    | Found a staircase to the Elven Halls.
 21717 | Orc:2    | Reached skill level 23 in Bows
 21743 | Orc:2    | Found a roughly hewn altar of Beogh.
 21840 | Orc:2    | Found a roughly hewn altar of Beogh.
 21893 | Orc:2    | Found a roughly hewn altar of Beogh.
 21933 | Orc:2    | Found a roughly hewn altar of Beogh.
 21949 | Orc:2    | Found Atuzuz's Antique Weapon Boutique.
 22002 | Orc:2    | Noticed an orc warlord
 22115 | Orc:2    | Killed an orc warlord
 22182 | Orc:2    | Found Eraj's Antique Armour Emporium.
 22187 | Orc:2    | Found a roughly hewn altar of Beogh.
 22192 | Orc:2    | Found Dighof's Antique Weapon Shoppe.
 22256 | Orc:2    | Found a roughly hewn altar of Beogh.
 22399 | Orc:2    | Noticed an orc warlord
 22415 | Orc:2    | Killed an orc warlord
 22530 | Orc:2    | Found a roughly hewn altar of Beogh.
 22587 | Orc:2    | Found a roughly hewn altar of Beogh.
 22587 | Orc:2    | Found Mistrag's Book Shoppe.
 23098 | D:14     | Reached skill level 5 in Dodging
 23129 | D:14     | Received a gift from Okawaru
 23468 | D:15     | Entered Level 15 of the Dungeon
 23508 | D:15     | Reached skill level 5 in Armour
 23539 | D:15     | Noticed Agnes
 23547 | D:15     | Killed Agnes
 24014 | D:15     | Found a glowing golden altar of the Shining One.
 24325 | D:15     | Reached XP level 16. HP: 152/152 MP: 16/16
 24503 | D:15     | Found a staircase to the Depths.
 24754 | Orc:2    | Bought a glowing cloak for 273 gold pieces
 24963 | Snake:1  | Entered Level 1 of the Snake Pit
 24989 | Snake:1  | Noticed Asterion
 24997 | Snake:1  | Killed Asterion
 25018 | Snake:1  | Noticed Aizul
 25027 | Snake:1  | Killed Aizul
 25086 | Snake:1  | Found Nucilall's Book Boutique.
 25169 | Snake:1  | Noticed Roxanne
 25180 | Snake:1  | Killed Roxanne
 25180 | Snake:1  | Received a gift from Okawaru
 25180 | Snake:1  | Reached skill level 24 in Bows
 26462 | Snake:2  | Got a crude quarterstaff
 26463 | Snake:2  | Identified the +1 quarterstaff "Bodoz" {flame, rElec} (You found it on level 2 of the Snake Pit)
 26535 | Snake:2  | Received a gift from Okawaru
 27188 | Snake:2  | Received a gift from Okawaru
 27512 | Snake:3  | Reached skill level 25 in Bows
 27813 | Snake:3  | Reached XP level 17. HP: 163/163 MP: 17/17
 27942 | Snake:3  | Reached skill level 1 in Stealth
 28054 | Snake:3  | Received a gift from Okawaru
 28788 | Snake:4  | Entered Level 4 of the Snake Pit
 28846 | Snake:4  | Received a gift from Okawaru
 29019 | Snake:4  | Received a gift from Okawaru
 29020 | Snake:4  | Got a bloodstained shield {god gift}
 29263 | Snake:4  | Noticed Vashnia
 29517 | Snake:4  | Killed Vashnia
 29728 | Snake:4  | Received a gift from Okawaru
 29980 | Snake:4  | Received a gift from Okawaru
 30034 | Snake:4  | Reached XP level 18. HP: 171/173 MP: 18/18
 30086 | Snake:4  | Got a serpentine rune of Zot
 30614 | Swamp:1  | Entered Level 1 of the Swamp
 30982 | Swamp:1  | Noticed Nikola
 30991 | Swamp:1  | Killed Nikola
 31809 | Swamp:2  | Reached skill level 26 in Bows
 31836 | Swamp:2  | Received a gift from Okawaru
 32603 | Swamp:3  | Received a gift from Okawaru
 32812 | Swamp:3  | Noticed Bai Suzhen
 32823 | Swamp:3  | Killed Bai Suzhen
 33118 | Swamp:4  | Entered Level 4 of the Swamp
 33433 | Swamp:4  | Noticed Mara
 33438 | Swamp:4  | Killed Mara
 33438 | Swamp:4  | Received a gift from Okawaru
 33730 | Swamp:4  | Got a fine leather armour
 33741 | Swamp:4  | Identified the +1 leather armour of the Trees {rElec Int+3} (You found it on level 4 of the Swamp)
 34166 | Swamp:4  | Noticed a bone dragon
 34179 | Swamp:4  | Killed a bone dragon
 34179 | Swamp:4  | Reached XP level 19. HP: 125/183 MP: 19/19
 34377 | Swamp:4  | Received a gift from Okawaru
 34558 | Swamp:4  | Got a decaying rune of Zot
 35037 | Elf:1    | Entered Level 1 of the Elven Halls
 35893 | Elf:1    | Found Nahap's One-of-a-Kind Books.
 36096 | Elf:1    | Received a gift from Okawaru
 36591 | Vaults:1 | Entered Level 1 of the Vaults
 37013 | Vaults:1 | Lost mutation: Your mind is very acute. (Int +4) [potion of mutation]
 37013 | Vaults:1 | Gained mutation: Your muscles are strong. (Str +2) [potion of mutation]
 37110 | Vaults:1 | Reached skill level 27 in Bows
 37216 | Vaults:1 | Paralysed by a sphinx for 6 turns
 37217 | Vaults:1 | HP: 2/185 [sphinx (10)]
 37217 | Vaults:1 | Mangled by a sphinx

Vault maps used:
D:1:      tarquinn_simple_flora_water_a
D:2:      serial_bayou_pond_c
D:3:      minmay_door_path
D:4:      first_bread, grunt_ministairs_3, hangedman_glass_teeth,
          lemuel_altar_in_water2
D:5:      serial_shops, nicolae_shop_crystal, dk_rats_in_the_wall
D:6:      nicolae_underground_beach
D:8:      lair_0_dummy, grunt_ministairs_8, uniq_psyche, uniq_maurice,
          uniq_grum, uniq_prince_ribbit1
D:9:      basic_altar
D:10:     minmay_orc_entry_temple_small, grunt_pizzeria, uniq_harold
D:11:     minmay_misc_feat_enclosed
D:12:     wad_crossroads, uniq_erolcha
D:13:     uniq_nessos
D:14:     minmay_crystal_water
D:15:     hangedman_depths_entry_try_elsewhere_first, tso_altar, uniq_agnes
Temple:   kilobyte_greek_temple
Lair:2:   swamp_mist, cheibrodos_lair_reptile_den
Lair:3:   dummy_snake_entry, portal_ice_cave_entry_pillars_2, st_stairs_5,
          grunt_megastairs_4, infiniplex_staircase_pool
Lair:5:   minmay_slime_entry_oklob_open, lemuel_old_faithful
Lair:6:   hangedman_lair_in_review, serial_forest,
          infiniplex_forest_clump_medium, infiniplex_forest_lined_corner,
          infiniplex_forest_lined_3_way, infiniplex_forest_end_3,
          infiniplex_forest_end_2, infiniplex_forest_end_2,
          infiniplex_forest_straight_4, uniq_josephine, uniq_kirke
Swamp:1:  evilmike_swamp_ruin_house_2, uniq_nikola
Swamp:2:  evilmike_swamp_ruin_house_1
Swamp:3:  nicolae_swamp_fairy_circle, cheibrodos_swamp_pet_leeches,
          uniq_bai_suzhen
Swamp:4:  swamp_pestilence, swamp_pool1, uniq_mara
Snake:1:  serial_shops, shop_fountains, uniq_asterion, uniq_aizul, uniq_roxanne
Snake:2:  nicolae_snake_squiggles, fake_guardian_serpent_vault,
          lemuel_fruit_tree
Snake:3:  nicolae_cobra_stairs, serial_curves, eino_curves_04, eino_curves_02,
          st_stairs_11, grunt_ministairs_15, stair_cage_cross
Snake:4:  johnstein_snake_rune_scales, st_stairs_11,
          nicolae_snake_serpentine_hallways
Orc:1:    basic_altar, enter_bailey_2
Orc:2:    grunt_orc_community_town_hall, grunt_orc_community_big_house_1,
          grunt_orc_community_big_house_1, grunt_orc_community_house_2,
          grunt_orc_community_house_3, grunt_orc_community_house_3,
          grunt_orc_community_house_2, grunt_orc_community_house_2, basic_altar
Elf:1:    eino_elf_arrival_shootout, hangedman_elf_disciples, nicolae_rare_books
Vaults:1: hangedman_vaults_slither, hangedman_vaults_slice, vaults_room_octagon,
          hangedman_vaults_variations, vaults_room_large_hall,
          hangedman_vaults_pinch, v_misc_3, nicolae_vaults_little_squares_1,
          vaults_room_stairs_pillars, v_misc_23, vaults_room_hallway, v_misc_15,
          hangedman_vaults_snaps, vaults_dpeg_hooks, nicolae_vaults_shelves_hall
Bailey:   bailey_polearm_3, bailey
IceCv:    ice_cave_caverns_01

Skill      XL: |  1  2  3  4  5  6  7  8  9 10 11 12 13 14 15 16 17 18 19 |
---------------+----------------------------------------------------------+-----
Bows           | 6 7 8 11 14 17 19 22 23 25 26 27 | 27.0
Fighting       | 3 4 5 6 7 10 11 13 14 15 16 18 19 20 | 20.0
Shields        | 1 |  1.2
Staves         | 3 5 7 |  7.2
Armour         | 1 2 3 4 5 6 8 9 |  9.8
Dodging        | 2 3 4 5 6 7 |  7.0
Stealth        | 3 4 |  4.1

Action                   |  1- 3 |  4- 6 |  7- 9 | 10-12 | 13-15 | 16-18 | 19-21 || total
-------------------------+-------+-------+-------+-------+-------+-------+-------++-------
Melee: Short sword       |   169 |    12 |       |       |       |       |       ||   181
       Kick              |    36 |    13 |    45 |   241 |    50 |       |       ||   385
       Flail             |       |    94 |       |       |       |       |       ||    94
       Quarterstaff      |       |     9 |   290 |   802 |    48 |       |       ||  1149
       Longbow           |       |       |       |       |    60 |       |       ||    60
 Fire: Shortbow          |       |    72 |       |       |       |       |       ||    72
       Longbow           |       |       |       |    35 |  1044 |  1273 |   426 ||  2778
Invok: Heroism           |       |       |     1 |     4 |     2 |     2 |     1 ||    10
Evoke: Wand              |       |       |     3 |       |     2 |     5 |       ||    10
  Use: Scroll            |       |     5 |       |     7 |    18 |     5 |     2 ||    37
       Potion            |       |       |       |       |     8 |       |     3 ||    11
 Stab: Sleeping          |       |       |       |     5 |       |       |       ||     5
       Distracted        |       |       |       |     1 |       |       |       ||     1
  Eat: Chunk             |     3 |     6 |    14 |    15 |     9 |       |       ||    47
       Bread ration      |       |       |       |       |     4 |     3 |       ||     7
       Royal jelly       |       |       |       |       |       |     3 |       ||     3
       Meat ration       |       |       |       |       |       |     1 |     1 ||     2
Armor: Leather armour    |    61 |    37 |    66 |       |       |       |       ||   164
       Animal skin       |       |       |     6 |   211 |   142 |   151 |    87 ||   597
       Robe              |       |       |       |       |       |       |    26 ||    26
Dodge: Dodged            |    73 |    68 |   114 |   202 |   110 |   138 |    77 ||   782
Block: Buckler           |     7 |     6 |       |       |       |       |       ||    13
